 Dungeon Crawl Stone Soup version 0.26-a0-64-g059e62fbdb (webtiles) character file.

Game seed: 4175931297556823197

46 Error4North the Skirmisher (level 3, -4/60 HPs)
             Began as an Ogre Berserker on June 11, 2020.
             Was a Believer of Trog.
             Slain by a goblin
             ... wielding a +0 club
             ... led by Robin
              (7 damage)
             ... on level 2 of the Dungeon.
             The game lasted 00:03:23 (877 turns).

Error4North the Skirmisher (Ogre Berserker)          Turns: 877, Time: 00:03:24

Health: -4/60      AC:  3    Str: 22    XL:     3   Next: 68%
Magic:  3/3        EV: 10    Int:  8    God:    Trog [**....]
Gold:   49         SH:  0    Dex:  8    Spells: 2/2 levels left

rFire    . . .     SeeInvis .     - Unarmed
rCold    . . .     Gourm    .   (no shield)
rNeg     . . .     Faith    .   a - +0 animal skin
rPois    .         Spirit   .   (helmet restricted)
rElec    .         Reflect  .   (no cloak)
rCorr    .         Harm     .   (gloves unavailable)
MR       .....                  (boots unavailable)
Stlth    ..........             (no amulet)
HPRegen  0.20/turn              (no ring)
MPRegen  0.08/turn              (no ring)

@: berserking, very quick
A: large, unfitting armour, tough skin 1
a: Berserk, Trog's Hand, Renounce Religion


You were on level 2 of the Dungeon.
You worshipped Trog.
Trog was pleased with you.
You were hungry.

You visited 1 branch of the dungeon, and saw 2 of its levels.

You collected 49 gold pieces.

Inventory:

Armour
 a - a +0 animal skin (worn)
Jewellery
 h - an uncursed amulet of reflection {unknown}
Scrolls
 e - a scroll of remove curse {unknown}
 f - 4 scrolls of identify {unknown}
 i - a scroll of fog {unknown}
Potions
 d - a potion of haste {unknown}
 g - a potion of heal wounds {unknown}
Comestibles
 b - 5 rations
 c - a chunk of flesh


   Skills:
 * Level 4.7 Fighting
 * Level 3.3 Dodging
 + Level 3.1 Unarmed Combat


You had 2 spell levels left.
You didn't know any spells.
Your spell library was empty.

Dungeon Overview and Level Annotations

Branches:
Dungeon (2/15)

Altars:


Innate Abilities, Weirdness & Mutations

You are too large for most types of armour.
You have tough skin. (AC +1)


Message History

* * * LOW HITPOINT WARNING * * *
The goblin hits you but does no damage.
You punch the hobgoblin!
You kill the hobgoblin!
Trog accepts your kill.
You can now call upon Trog for regeneration and magic resistance.
The goblin hits you but does no damage. The goblin closely misses you.
The goblin hits you with a +3 dagger!
* * * LOW HITPOINT WARNING * * *
You punch the goblin!
You kill the goblin!
Trog accepts your kill. The goblin hits you but does no damage.
The goblin closely misses you. The goblin hits you with a +3 dagger.
* * * LOW HITPOINT WARNING * * *
The goblin hits you with a +0 club.
* * * LOW HITPOINT WARNING * * *
You are too berserk!
You barely miss the goblin. The goblin hits you with a +0 club!
You die...

...####...
...#......
.......w.#
.........##
.....%....#
..........#
......†)g.# <
!.....g@†.##...
......g)g......
.......<..##...
.#......### .
###$#### #. #


You could see a dart slug and 4 goblins.

Vanquished Creatures
  Robin (D:2)
  2 oozes (D:1)
  A leopard gecko (D:1)
  2 giant cockroaches (D:1)
  9 goblins
  4 hobgoblins
  A kobold (D:1)
  2 bats (D:1)
  A frilled lizard (D:1)
  A rat (D:1)
24 creatures vanquished.

Notes
Turn   | Place    | Note
-------+----------+-------------------------------------------
     0 | D:1      | Error4North the Ogre Berserker began the quest for the Orb.
     0 | D:1      | Reached XP level 1. HP: 24/24 MP: 1/1
    82 | D:1      | Reached XP level 2. HP: 32/33 MP: 2/2
   572 | D:1      | Reached XP level 3. HP: 35/40 MP: 3/3
   862 | D:2      | Noticed Robin
   873 | D:2      | Killed Robin
   875 | D:2      | Reached ** piety under Trog
   876 | D:2      | HP: 3/60 [goblin/+0 club[Robin] (1)]
   877 | D:2      | Slain by a goblin

Illustrated notes

Levels and vault maps discovered:
D:1:      scummos_arrival_simple_fountains, layout_basic,
          grunt_decor_mini_mirrors
D:2:      layout_rooms, first_ration, hangedman_decor_growths, moated_statue,
          nicolae_qazlal_style_of_elements, uniq_robin, uniq_natasha

Skill      XL: |  1  2 |
---------------+-------+-----
Dodging        | 3 |  3.3
Unarmed Combat | 3 |  3.1
Fighting       | |  4.7

Action                   || total
-------------------------++-------
Melee: Unarmed           ||    71
       Punch             ||     2
Invok: Berserk           ||     1
Armor: Animal skin       ||    27
Dodge: Dodged            ||    45

Table legend:
 A = Non-vault XP
 B = Vault XP
 C = Vault XP percentage of total XP
 D = Non-vault monster count
 E = Vault monster count
 F = Vault count percentage of total count
                 A         B        C        D         E       F
            +---------+---------+-------+---------+---------+-------
      Total |      40 |      27 |  40.3 |      17 |       7 |  29.2
            +---------+---------+-------+---------+---------+-------
        D:1 |      40 |       0 |   0.0 |      17 |       0 |   0.0
        D:2 |       0 |      27 | 100.0 |       0 |       7 | 100.0
            +---------+---------+-------+---------+---------+-------
